 Dungeon Crawl Stone Soup version 0.29.0-15-g675c0067aa (webtiles) character file.

Game seed: 2728431201094272299

68 Persephone the Shield-Bearer (level 3, -4/31 HPs)
             Began as a Demigod Fighter on Sept 11, 2022.
             Slain by Grinder (8 damage)
             ... while paralysed by Grinder
             ... on level 3 of the Dungeon.
             The game lasted 00:04:12 (2249 turns).

Persephone the Shield-Bearer (Demigod Fighter)      Turns: 2249, Time: 00:04:12

Health: -4/31      AC:  4    Str: 23    XL:     3   Next: 73%
Magic:  0/5        EV:  2    Int: 10    God:
Gold:   169        SH:  0    Dex: 23    Spells: 2/2 levels left

rFire   . . .      SeeInvis .   a - +0 long sword
rCold   . . .      Faith    .   c - +1 buckler
rNeg    . . .      Spirit   +   q - +0 leather armour
rPois   .          Reflect  .   (no helmet)
rElec   .          Harm     .   h - +0 cloak
rCorr   .          Rampage  .   (no gloves)
Will    .....                   (no boots)
Stlth   ++........              i - amulet of guardian spirit
HPRegen 0.10/turn               j - +6 ring of strength
MPRegen 0.09/turn               k - +6 ring of dexterity

@: paralysed
A: high MP 1, forlorn, divine attributes
a: no special abilities


You were on level 3 of the Dungeon.
You visited 1 branch of the dungeon, and saw 3 of its levels.

You collected 169 gold pieces.

Inventory:

Hand Weapons
 a - a +0 long sword (weapon)
Armour
 c - a +1 buckler (worn)
 h - a +0 cloak (worn)
 q - a +0 leather armour (worn)
Jewellery
 f - a ring of flight
 i - an amulet of guardian spirit (around neck)
 j - a +6 ring of strength (left hand)
 k - a +6 ring of dexterity (right hand)
Scrolls
 n - a scroll of teleportation
 s - 2 scrolls of noise {unknown}
Potions
 d - 3 potions of might
 e - a potion of degeneration
 g - 2 potions of mutation {unknown}
 m - a potion of curing {unknown}
 o - a potion of heal wounds {unknown}
 p - a potion of cancellation {unknown}


   Skills:
 + Level 3.1 Fighting
 * Level 2.8 Long Blades
 - Level 2.7 Armour
 + Level 1.2 Dodging
 + Level 3.1 Shields


You had 2 spell levels left.
You didn't know any spells.
Your spell library was empty.

Dungeon Overview and Level Annotations

Branches:
Dungeon (3/15)

Annotations:
D:3 Grinder


Innate Abilities, Weirdness & Mutations

You have an increased reservoir of magic. (+10% MP)
You shall have no god before yourself.
Your divine heritage dramatically boosts your attributes as you level up.


Message History

You slash the frilled lizard!
You kill the frilled lizard!
You see here a frilled lizard corpse.
You see here a hobgoblin corpse.
Grinder gestures at you.
You barely resist.
You see here a frilled lizard corpse.
You block Grinder's attack.
You see here a hobgoblin corpse.
You hit Grinder.
Grinder is lightly wounded.
Grinder hits you!
You writhe in agony.
You hit Grinder but do no damage.
Grinder is lightly wounded.
You block Grinder's attack.
You slash Grinder!
Grinder is heavily wounded.
Grinder closely misses you.
Grinder says, "You look like you could use a good racking."
Grinder hits you but does no damage.
You closely miss Grinder.
Grinder is heavily wounded.
Grinder hits you.
You writhe in agony.
The endoplasm quivers.
You hit Grinder but do no damage.
Grinder is heavily wounded.
You block Grinder's attack.
You barely miss Grinder.
Grinder is heavily wounded.
Grinder hits you but does no damage. Grinder gestures at you.
You suddenly lose the ability to move!
Grinder gestures at you. Pain shoots through your body! Grinder hits you!
* * * LOW HITPOINT WARNING * * *
You writhe in agony.
* * * LOW HITPOINT WARNING * * *
Grinder hits you!
You die...

*,*,,,,,,,,,,,,,,* **,** *,,,,
*,*,,,,,,,,,,,*#.##**,*,****,**,
*,*,,,,,,,***,*#..##,*.,,,,,,**,
*,**,*,*,,* *,*#...##.,,****,**,
*,*,*,*,,,* *,,......,,*****,**,
*,,*,*,*,,* ***#...#**** *,,,,,*
***,*,*,*,* #..#* *,,,,,,
**,*,*#.######..# *,,,,,*
**,**#.....†@5J# *,,,,,* *,*
#########'## *,,,,,* *,* *#..<#*
****,** *,*** *#.....#* ***,*
*,*,** *#.......#* **,*,*
******,,,,***#.........#***,,,,*
,,,,,,,,,,,,,+....l5...+,,,,,,,*
*,****,,,,***#.........#***,,,,*
*,* *,*,** ##...J...## **,*,*


You could see Grinder and an endoplasm.

Vanquished Creatures
  3 adders (D:2)
  A worm (D:2)
  A dart slug (D:1)
  4 bats (D:1)
  4 endoplasms
  A giant cockroach (D:2)
  2 goblins (D:2)
  5 hobgoblins
  2 quokkas (D:2)
  4 ball pythons (D:1)
  3 frilled lizards
  4 kobolds (D:1)
  A rat (D:1)
35 creatures vanquished.

Notes
Turn   | Place    | Note
-------+----------+-------------------------------------------
     0 | D:1      | Persephone the Demigod Fighter began the quest for the Orb.
     0 | D:1      | Reached XP level 1. HP: 18/18 MP: 3/3
   267 | D:1      | Reached XP level 2. HP: 25/25 MP: 4/4
  1135 | D:2      | Reached XP level 3. HP: 10/31 MP: 5/5
  1136 | D:2      | Reached skill level 1 in Dodging
  2220 | D:3      | Noticed Grinder
  2223 | D:3      | Paralysed by Grinder for 3 turns
  2246 | D:3      | Paralysed by Grinder for 4 turns
  2249 | D:3      | Slain by Grinder

Illustrated notes

Levels and vault maps discovered:
D:1:      kilobyte_arrival_exit_the_forest, layout_loops_ring,
          ebering_ecumenical_altar_abandoned
D:2:      layout_loops_corners
D:3:      layout_loops_corners, portal_sewer_entry_e, uniq_grinder,
          uniq_sigmund, uniq_crazy_yiuf_cottage, uniq_ijyb

Skill      XL: |  1  2  3 |
---------------+----------+-----
Long Blades    | 2 |  2.8
Fighting       | 3 |  3.1
Shields        | 3 |  3.1
Dodging        | 1 |  1.2
Armour         | |  2.7

Action                   || total
-------------------------++-------
Melee: Long sword        ||    89
  Use: Scroll            ||     7
Armor: Scale mail        ||    17
       Leather armour    ||    22
Dodge: Dodged            ||    44
Block: Buckler           ||    33
